 Dungeon Crawl Stone Soup version 0.31-a0-1074-g0b22e4e0f1 (webtiles) character file.

Game seed: 5234954076865253539

1674 BigPumpCobain the Grappler (level 8, -5/84 HPs)
             Began as a Troll Shapeshifter on Dec 5, 2023.
             Was an Initiate of Qazlal.
             Slain by a gnoll
             ... wielding a +0 halberd
             ... led by a gnoll sergeant
              (13 damage)
             ... on level 6 of the Dungeon.
             The game lasted 00:08:06 (4156 turns).

BigPumpCobain the Grappler (Troll Shapeshifter)     Turns: 4156, Time: 00:08:06

Health: -5/84      AC:  6    Str: 25    XL:     8   Next: 70%
Magic:  7/7        EV:  9    Int:  6    God:    Qazlal [......]
Gold:   416        SH:  0    Dex:  9    Spells: 7/7 levels left

rFire   . .          .
                       - Unarmed
rCold   . . .        (no shield)
rNeg    . . .        t - +2 robe {Will+}
rPois   .            (helmet currently unavailable)
rElec   .            (cloak currently unavailable)
rCorr   .            (gloves unavailable)
SInv    .            (boots unavailable)
Will    +....        (no amulet)
Stlth   +            (no ring)
HPRegen 1.14/turn    (no ring)
MPRegen 0.10/turn

%: no passive effects
@: beast-form
A: beast (slay +1), large, unfitting armour, claws 3, regeneration 1, shaggy fur
1, tough skin 1
a: Begin Untransformation, Renounce Religion


You were on level 6 of the Dungeon.
You worshipped Qazlal.
Qazlal was noncommittal.
You were a hulking beast.
You visited 2 branches of the dungeon, and saw 7 of its levels.

You collected 416 gold pieces.

Inventory:

Hand Weapons
 f - a +3 quarterstaff of chaos
 j - a +0 dagger of venom
 s - a +1 whip of flaming
 u - a +3 flail of holy wrath
Missiles
 m - 2 throwing nets
Armour
 a - a +0 animal skin
 t - a +2 robe of willpower (worn)
Talismans
 c - a beast talisman
 d - a flux talisman
Wands
 b - a wand of charming (6)
 o - a wand of polymorph (13)
Scrolls
 g - a scroll of noise
 h - 2 scrolls of immolation
 k - a scroll of enchant armour
 l - 2 scrolls of poison {unknown}
 n - a scroll of amnesia {unknown}
 r - a scroll of butterflies {unknown}
 v - a scroll of acquirement {unknown}
Potions
 e - 4 potions of heal wounds {unknown}
 i - a potion of invisibility {unknown}
 p - 2 potions of haste {unknown}
 q - a potion of curing {unknown}


   Skills:
 + Level 6.5 Fighting
 - Level 1.5 Dodging
 + Level 8.5 Unarmed Combat
 - Level 3.0 Shapeshifting


You had 7 spell levels left.
You didn't know any spells.
Your spell library contained the following spells:

 Spells                   Type           Power      Damage    Failure   Level
 Dazzling Flash           Conj/Hex       0%         N/A       83%         3
 Volatile Blastmotes      Fire/Tloc      0%         2d10      83%         3
 Starburst                Conj/Fire      0%         6d3       100%        6
 Maxwell's Capacitive Co  Air            0%         ∞         100%        8


Dungeon Overview and Level Annotations

Branches:
Dungeon (6/15)             Temple (1/1) D:4

Altars:
Cheibriados
Dithmenos
Fedhas
Hepliaklqana
Kikubaaqudgha
Nemelex Xobeh
Okawaru
Qazlal
Ru
Sif Muna
Vehumet
Xom
Yredelemnul
Zin
The Shining One

Annotations:
D:6 Menkaure


Innate Abilities, Weirdness & Mutations

You are a hulking beast.
Your limbs bulge with bestial killing power. (Slay +1)
You are too large for most types of armour.
You have claws for hands.
Your natural rate of healing is unusually fast.
You are covered in fur. (AC +1)
You have tough skin. (AC +1)


Message History

The gnoll hits you with a +0 whip.
* * * LOW HITPOINT WARNING * * *
The gnoll barely misses you.
You scratch the gnoll.
The gnoll is moderately wounded.
The gnoll barely misses you. x2
The gnoll hits you from afar with a +0 halberd!
* * * LOW HITPOINT WARNING * * *
You scratch the gnoll.
The gnoll is almost dead.
Menkaure, Prince of Dust comes into view.
The gnoll hits you with a +0 spear.
* * * LOW HITPOINT WARNING * * *
The gnoll barely misses you.
The gnoll hits you from afar with a +0 halberd!
* * * LOW HITPOINT WARNING * * *
You barely miss the gnoll.
The gnoll is almost dead.
The gnoll hits you with a +0 spear.
* * * LOW HITPOINT WARNING * * *
The gnoll barely misses you. The gnoll hits you with a +0 whip.
* * * LOW HITPOINT WARNING * * *
Menkaure shouts!
You mangle the gnoll!!
You kill the gnoll!
Qazlal accepts your kill.
You hear a shout!
The gnoll misses you. The gnoll barely misses you.
You claw the gnoll!
You kill the gnoll!
Qazlal accepts your kill. The gnoll closely misses you.
Things that are here:
a +2 heavy flail; a gnoll corpse You barely miss the gnoll.
The gnoll hits you with a +0 halberd.
* * * LOW HITPOINT WARNING * * *
You scratch the gnoll.
The gnoll is lightly wounded.
The gnoll hits you with a +0 halberd!
You die...

.. ### . ..#
.#..# ....# #
#... #### #..#
... #gM# ##.
#h)# ###..
#<)# .....
#...))........
#..
######....####
#.. ##:....
#.# ##.### #
.# ...... .#
..##.. #.#


You could see Menkaure and a gnoll.

Vanquished Creatures
  Pikel (D:4)
  Sigmund (D:4)
  Edmund (D:4)
  A black bear (D:6)
  An ogre (D:4)
  2 bullfrogs (D:6)
  A gnoll sergeant (D:5)
  3 orc priests
  2 hounds (D:5)
  Crazy Yiuf (D:4)
  A gnoll bouda (D:4)
  Jessica (D:3)
  2 iguanas
  2 orc wizards
  8 gnolls
  8 adders
  2 worms
  2 dart slugs
  19 orcs
  8 ball pythons
  13 endoplasms
  2 giant cockroaches (D:3)
  7 goblins
  9 hobgoblins
  2 jackals (D:3)
  7 kobolds
  5 quokkas
  2 bats (D:1)
  A frilled lizard (D:1)
  10 rats
125 creatures vanquished.

Notes
Turn   | Place    | Note
-------+----------+-------------------------------------------
     0 | D:1      | BigPumpCobain the Troll Shapeshifter began the quest for
                  | the Orb.
     0 | D:1      | Reached XP level 1. HP: 18/18 MP: 0/0
    36 | D:1      | Reached skill level 1 in Fighting
    59 | D:1      | Reached XP level 2. HP: 27/27 MP: 1/1
   681 | D:2      | Reached XP level 3. HP: 35/35 MP: 2/2
   975 | D:2      | Reached skill level 4 in Unarmed Combat
  1017 | D:2      | Reached XP level 4. HP: 36/42 MP: 3/3
  1812 | D:3      | Noticed Jessica
  1816 | D:3      | Killed Jessica
  1872 | D:3      | Reached XP level 5. HP: 50/52 MP: 4/4
  1982 | D:3      | Found a sparkling altar of Nemelex Xobeh.
  2477 | D:4      | Noticed an ogre
  2484 | D:4      | Killed an ogre
  2485 | D:4      | Reached skill level 5 in Unarmed Combat
  2524 | D:4      | Noticed a lemure
  2526 | D:4      | Noticed a lemure
  2527 | D:4      | Noticed Pikel
  2527 | D:4      | Noticed a lemure
  2531 | D:4      | Noticed a lemure
  2542 | D:4      | HP: 1/53 [Pikel/+1 whip of flaming (4)]
  2559 | D:4      | Killed Pikel
  2560 | D:4      | Reached skill level 6 in Unarmed Combat
  2560 | D:4      | Reached XP level 6. HP: 16/63 MP: 5/5
  2560 | D:4      | Reached XP level 7. HP: 18/71 MP: 6/6
  2670 | D:4      | Found a staircase to the Ecumenical Temple.
  2702 | D:4      | Noticed Edmund
  2711 | D:4      | Killed Edmund
  2712 | D:4      | Reached skill level 5 in Fighting
  2789 | D:4      | Found a radiant altar of Vehumet.
  2838 | D:4      | Reached skill level 7 in Unarmed Combat
  2842 | D:4      | Found a glowing golden altar of the Shining One.
  2853 | D:4      | Noticed Sigmund
  2854 | D:4      | Found a shimmering blue altar of Sif Muna.
  2861 | D:4      | Killed Sigmund
  2862 | D:4      | Reached XP level 8. HP: 64/81 MP: 7/7
  2962 | D:4      | Found a runed translucent door.
  2963 | D:4      | Noticed Crazy Yiuf
  3174 | D:4      | Killed Crazy Yiuf
  3225 | D:5      | Entered Level 5 of the Dungeon
  3430 | D:5      | Found a blossoming altar of Fedhas.
  3936 | D:6      | Reached skill level 8 in Unarmed Combat
  3981 | Temple   | Entered the Ecumenical Temple
  4002 | Temple   | Became a worshipper of Qazlal Stormbringer
  4150 | D:6      | Noticed Menkaure
  4156 | D:6      | Slain by a gnoll

Illustrated notes

Levels and vault maps discovered:
D:1:      spicycebolla_arrival_xxxplode, layout_basic
D:2:      layout_basic, serial_park_tiny_pond, minmay_splitting_lines
D:3:      layout_basic, mainiacjoe_overflow_six_doors_small,
          hangedman_decor_growths, uniq_jessica
D:4:      layout_rooms, lemuel_tele_altar, vehumet_crystals,
          hellmonk_sif_muna_bookshelves, minmay_temple_entry_drinking_statues,
          uniq_sigmund, uniq_pikel, uniq_edmund, uniq_crazy_yiuf_cottage
D:5:      layout_gridville, mainiacjoe_overflow_catwalk
D:6:      layout_loops_ring, evilmike_ruin_ashenzari,
          makhleb_blood_cavern_becter, uniq_menkaure
Temple:   hellmonk_temple_flake

Skill      XL: |  1  2  3  4  5  6  7  8 |
---------------+-------------------------+-----
Fighting       | 1 2 4 5 6 |  6.5
Unarmed Combat | 4 6 7 8 |  8.5
Dodging        | |  1.5
Shapeshifting  | |  3.0

Action                     |  1- 3 |  4- 6 |  7- 9 || total
---------------------------+-------+-------+-------++-------
  Melee: Unarmed           |    70 |    89 |   134 ||   293
         Punch             |     3 |     1 |     6 ||    10
         Dagger            |     2 |       |       ||     2
    Use: Potion            |       |     1 |       ||     1
         Scroll            |       |       |     3 ||     3
 Armour: Animal skin       |    38 |    48 |     1 ||    87
         Skin              |       |    52 |    34 ||    86
         Robe              |       |       |   102 ||   102
  Dodge: Dodged            |    23 |    28 |    79 ||   130

Table legend: (Time is in decaauts)
 A = Elapsed time spent in this place.
 B = Non-inter-level travel time spent in this place.
 C = Inter-level travel time spent in this place.
 D = Time resting spent in this place.
 E = Time spent auto-exploring this place.
 F = Levels seen in this place.
 G = Mean time per level.
                   A        B        C        D        E       F      G
               +--------+--------+--------+--------+--------+-----+--------+
         Total |   4124 |   3788 |    336 |     35 |   3096 |   7 |  589.1 |
       Dungeon |   4091 |   3787 |    304 |     35 |   3096 |   6 |  681.8 |
        Temple |     32 |      1 |     31 |      0 |      0 |   1 |   32.0 |
               +--------+--------+--------+--------+--------+-----+--------+

Top non-repeatable levels by time:
     D:2: 1114 daAuts
     D:4: 820 daAuts
     D:5: 808 daAuts
     D:3: 732 daAuts
     D:1: 578 daAuts
     D:6: 38 daAuts
  Temple: 32 daAuts
